 Dungeon Crawl Stone Soup version 0.29-a0-323-g050149af67 (webtiles) character file.

Game seed: 2694746127272074545

2331 Jortsu the Protected (level 9, -3/55 HPs)
             Began as a Gargoyle Fighter on Apr 10, 2022.
             Was a Priest of Okawaru.
             Killed from afar by Maggie (25 damage)
             ... with a bolt of acid
             ... on level 6 of the Dungeon.
             The game lasted 00:10:42 (6943 turns).

Jortsu the Protected (Gargoyle Fighter)             Turns: 6943, Time: 00:10:43

Health: -3/55      AC: 15    Str: 23    XL:     9   Next: 42%
Magic:  9/9        EV:  8    Int:  8    God:    Okawaru [***...]
Gold:   270        SH:  5    Dex: 11    Spells: 8/8 levels left

rFire   . . .      SeeInvis .   a - +1 flail
rCold   . . .      Faith    .   c - +0 buckler
rNeg    + . .      Spirit   .   f - +0 chain mail
rPois   ∞          Reflect  .   (no helmet)
rElec   +          Harm     .   m - +2 cloak {Stlth+}
rCorr   .          Rampage  .   (no gloves)
Will    .....                   v - +1 pair of boots
Stlth   ..........              (no amulet)
HPRegen 0.18/turn               (no ring)
MPRegen 0.11/turn               (no ring)

@: corroded, studying Armour
A: sickness immunity, AC +6, negative energy resistance 1, electricity
resistance, torment resistance 1, petrification resistance
a: Renounce Religion, Heroism


You were on level 6 of the Dungeon.
You worshipped Okawaru.
Okawaru was most pleased with you.
You visited 2 branches of the dungeon, and saw 7 of its levels.

You collected 270 gold pieces.

Inventory:

Hand Weapons
 a - a +1 flail (weapon)
Armour
 c - a +0 buckler (worn)
 f - a +0 chain mail (worn)
 m - a +2 cloak of stealth (worn)
 v - a +1 pair of boots (worn)
Jewellery
 i - an amulet of faith
 l - a ring of wizardry
Wands
 s - a wand of acid (8)
Scrolls
 g - 4 scrolls of magic mapping
 r - 2 scrolls of teleportation
 u - a scroll of immolation
Potions
 d - a potion of might
 e - 2 potions of attraction
 h - 4 potions of curing
 j - a potion of cancellation
 k - a potion of lignification {unknown}
 o - a potion of magic
 p - a potion of resistance {unknown}
 q - a potion of mutation {unknown}
 t - 2 potions of brilliance {unknown}


   Skills:
 + Level 6.0 Fighting
 + Level 8.8 Maces & Flails
 + Level 9.1 Armour
 + Level 1.9 Dodging
 + Level 1.0 Stealth
 + Level 5.2 Shields
 + Level 0.3 Invocations


You had 8 spell levels left.
You didn't know any spells.
Your spell library contained the following spells:

 Spells                   Type           Power      Damage    Failure   Level
 Freezing Cloud           Conj/Ice/Air   0%         6-21      100%        5
 Polar Vortex             Ice            0%         N/A       100%        9
 Simulacrum               Ice/Necr       Unusable   N/A       N/A         6

Dungeon Overview and Level Annotations

Branches:
Dungeon (6/15)             Temple (1/1) D:4

Altars:
Ashenzari
Cheibriados
Dithmenos
Elyvilon
Fedhas
Gozag
Hepliaklqana
Kikubaaqudgha
Makhleb
Nemelex Xobeh
Okawaru
Qazlal
Ru
Sif Muna
Trog
Uskayaw
Vehumet
Wu Jian
Xom
Yredelemnul
Zin
The Shining One

Shops:
D:5 !

Annotations:
D:6 Maggie


Innate Abilities, Weirdness & Mutations

You are immune to sickness and miasma.
Your stone body is resilient. (AC +6)
You are immune to poison.
You resist negative energy. (rN+)
You are resistant to electric shocks. (rElec)
You are resistant to unholy torment.
You are immune to petrification.


Message History

You sock the water moccasin!
The water moccasin is severely wounded.
A jelly comes into view.
You block the water moccasin's attack.
You barely miss the water moccasin.
The water moccasin is severely wounded.
The jelly quivers.
The water moccasin bites you but does no damage.
You sock the water moccasin!
The water moccasin is almost dead.
The water moccasin bites you but does no damage.
You block the water moccasin's attack.
You sock the water moccasin!
You kill the water moccasin!
Okawaru accepts your kill.
Okawaru will now gift you ammunition as you gain piety.
Maggie says, "Leave now, and tell all of Margery's mercy!"
Your Fighting skill increases to level 6!
You hit Maggie.
Maggie is lightly wounded.
Maggie hits you with a +0 morningstar!
You hit Maggie.
Maggie is lightly wounded.
Maggie hits you with a +0 morningstar!
You hit Maggie.
Maggie is moderately wounded.
Maggie barely misses you.
You barely miss Maggie.
Maggie is moderately wounded.
Maggie hits you but does no damage.
You hit Maggie.
Maggie is moderately wounded.
Maggie zaps a wand.
The bolt of acid hits you. The acid corrodes you!
You hit Maggie.
Maggie is moderately wounded.
Maggie zaps a wand.
The bolt of acid hits you. The acid corrodes you!
You hit Maggie but do no damage.
Maggie is moderately wounded.
Maggie zaps a wand.
The bolt of acid hits you!!
You die...

........#
.......#
.......
#......#
#......#
.J.#..#
#@##..#
#@##..#
####.##..#
#........##
..>..##......#
.### ####.#.#
########.#.#
.........#.#
##########.#
#..#


You could see Maggie and a jelly.

Vanquished Creatures
  Grinder (D:5)
  3 yaks (D:6)
  Edmund (D:5)
  Menkaure (D:5)
  3 water moccasins
  2 sky beasts
  A black bear (D:5)
  2 ogres (D:4)
  A centaur (D:6)
  Blork the orc (D:5)
  A necrophage (D:5)
  A wight (D:4)
  2 orc priests
  Crazy Yiuf (D:2)
  2 jellies
  Jessica (D:2)
  Ijyb (D:4)
  4 orc wizards
  Robin (D:2)
  3 gnolls
  6 adders
  A shadow imp (D:4)
  4 dart slugs
  12 orcs
  3 endoplasms
  2 giant cockroaches
  18 goblins
  6 hobgoblins
  6 jackals
  8 kobolds
  2 quokkas (D:1)
  6 ball pythons
  3 bats (D:1)
  3 rats
113 creatures vanquished.

Notes
Turn   | Place    | Note
-------+----------+-------------------------------------------
     0 | D:1      | Jortsu the Gargoyle Fighter began the quest for the Orb.
     0 | D:1      | Reached XP level 1. HP: 14/14 MP: 1/1
   291 | D:1      | Reached XP level 2. HP: 19/19 MP: 2/2
   736 | D:2      | Reached XP level 3. HP: 23/23 MP: 3/3
   781 | D:2      | Noticed Robin
   823 | D:2      | Killed Robin
   828 | D:2      | Reached XP level 4. HP: 10/29 MP: 4/4
  1526 | D:2      | Noticed Jessica
  1527 | D:2      | Killed Jessica
  1607 | D:2      | Found a runed translucent door.
  1608 | D:2      | Noticed Crazy Yiuf
  1618 | D:2      | Killed Crazy Yiuf
  1619 | D:2      | Reached XP level 5. HP: 33/33 MP: 5/5
  1890 | D:3      | Reached skill level 4 in Armour
  2407 | D:3      | Reached XP level 6. HP: 38/38 MP: 6/6
  3256 | D:4      | Reached skill level 5 in Maces & Flails
  3256 | D:4      | Reached skill level 1 in Dodging
  3606 | D:4      | Found a staircase to the Ecumenical Temple.
  3614 | Temple   | Entered the Ecumenical Temple
  3690 | Temple   | Became a worshipper of Warmaster Okawaru
  4067 | D:4      | Reached skill level 5 in Armour
  4067 | D:4      | Reached XP level 7. HP: 20/44 MP: 7/7
  4746 | D:5      | Entered Level 5 of the Dungeon
  4746 | D:5      | Noticed Ijyb
  4746 | D:5      | Noticed Menkaure
  4760 | D:4      | Killed Ijyb
  5173 | D:4      | Reached skill level 6 in Armour
  5211 | D:5      | Killed Menkaure
  5211 | D:5      | Reached * piety under Okawaru
  5212 | D:5      | Reached XP level 8. HP: 35/48 MP: 8/8
  5314 | D:5      | Reached skill level 5 in Fighting
  5314 | D:5      | Reached skill level 1 in Stealth
  5320 | D:5      | Noticed Edmund
  5349 | D:5      | Killed Edmund
  5350 | D:5      | Reached skill level 7 in Armour
  5601 | D:5      | Found a burning altar of Makhleb.
  5641 | D:5      | Noticed Grinder
  5667 | D:5      | Killed Grinder
  5667 | D:5      | Reached ** piety under Okawaru
  5826 | D:5      | Noticed Blork the orc
  5840 | D:5      | Killed Blork the orc
  6050 | D:5      | Reached skill level 8 in Armour
  6054 | D:5      | Identified the +7 dagger of Ewniumoe {chaos, Fragile rElec
                  | Str+3}
  6116 | D:5      | Found Ziryeryi's Distillery.
  6186 | D:5      | Reached skill level 5 in Shields
  6194 | D:5      | Reached XP level 9. HP: 44/54 MP: 9/9
  6408 | D:6      | Reached skill level 9 in Armour
  6930 | D:6      | Noticed Maggie
  6936 | D:6      | Reached *** piety under Okawaru
  6943 | D:6      | Killed from afar by Maggie

Illustrated notes

Levels and vault maps discovered:
D:1:      nicolae_arrival_washed_ashore, layout_rooms,
          chequers_serial_rivers_small_a
D:2:      layout_basic, interstate_on_off, uniq_crazy_yiuf_cottage,
          uniq_jessica, uniq_robin
D:3:      layout_loops_ring
D:4:      layout_layer_cave, minmay_temple_entry_hall, minmay_manual_monolith
D:5:      layout_rooms, old_standard_altar, serial_shops, kennysheep_mini_moat,
          uniq_ijyb, uniq_edmund, uniq_grinder, uniq_menkaure,
          uniq_blork_the_orc
D:6:      layout_loops_ring, uniq_maggie
Temple:   compressed_dpeg_circular_temple

Skill      XL: |  1  2  3  4  5  6  7  8  9 |
---------------+----------------------------+-----
Maces & Flails | 3 4 5 6 7 8 |  8.8
Fighting       | 4 5 6 |  6.0
Armour         | 4 5 6 8 9 |  9.1
Dodging        | 1 |  1.9
Shields        | 4 5 |  5.2
Stealth        | 1 |  1.0
Invocations    | |  0.3

Action                   |  1- 3 |  4- 6 |  7- 9 || total
-------------------------+-------+-------+-------++-------
Melee: Flail             |    86 |   170 |   229 ||   485
Invok: Heroism           |       |       |     2 ||     2
  Use: Scroll            |     3 |     7 |     2 ||    12
       Potion            |       |       |     1 ||     1
Armor: Scale mail        |    74 |    27 |       ||   101
       Chain mail        |       |    72 |   158 ||   230
Dodge: Dodged            |    54 |    57 |    69 ||   180
Block: Buckler           |    23 |    29 |    52 ||   104

Table legend: (Time is in decaauts)
 A = Elapsed time spent in this place.
 B = Non-inter-level travel time spent in this place.
 C = Inter-level travel time spent in this place.
 D = Time resting spent in this place.
 E = Time spent auto-exploring this place.
 F = Levels seen in this place.
 G = Mean time per level.
                   A        B        C        D        E       F      G
               +--------+--------+--------+--------+--------+-----+--------+
         Total |   7039 |   6952 |     87 |   2530 |   2979 |   7 | 1005.6 |
       Dungeon |   6950 |   6863 |     87 |   2530 |   2979 |   6 | 1158.3 |
        Temple |     88 |     88 |      0 |      0 |      0 |   1 |   88.0 |
               +--------+--------+--------+--------+--------+-----+--------+

Top non-repeatable levels by time:
     D:4: 2090 daAuts
     D:2: 1398 daAuts
     D:5: 1321 daAuts
     D:3: 1048 daAuts
     D:1: 747 daAuts
     D:6: 343 daAuts
  Temple: 88 daAuts
